 Dungeon Crawl Stone Soup version 0.21.0-3-g78d12a8 (webtiles) character file.

5009 Monsterracer the Slicer (level 10, 10/63 HPs)
             Began as a Kobold Assassin on Jan 12, 2018.
             Was a High Priest of Okawaru.
             Quit the game on level 9 of the Dungeon.
             The game lasted 00:21:17 (10795 turns).

Monsterracer the Slicer (Kobold Assassin)          Turns: 10795, Time: 00:21:18

Health: 10/63      AC:  9    Str: 11    XL:     10   Next: 84%
Magic:  14/14      EV: 18    Int: 12    God:    Okawaru [*****.]
Gold:   342        SH:  0    Dex: 18    Spells: 9/9 levels left

rFire    . . .     SeeInvis .   a - +1 rapier (vamp)
rCold    . . .     Gourm    .   (shield restricted)
rNeg     . . .     Faith    +   q - +0 ring mail
rPois    .         Spirit   .   p - +1 helmet
rElec    .         Reflect  .   d - +1 cloak
rCorr    .         Harm     .   (no gloves)
MR       .....                  (no boots)
Stlth    ++++......             k - amulet of faith
HPRegen  0.20/turn              (no ring)
MPRegen  0.14/turn              (no ring)

@: drained
A: small, carnivore
a: Heroism, Finesse, Renounce Religion


You were on level 9 of the Dungeon.
You worshipped Okawaru.
Okawaru was extremely pleased with you.
You were very full.

You visited 1 branch of the dungeon, and saw 9 of its levels.

You collected 342 gold pieces.

Inventory:

Hand Weapons
 a - a +1 vampiric rapier (weapon)
 b - a +0 blowgun
 o - a +0 dagger of draining
Missiles
 e - 23 poisoned needles
 f - 2 curare-tipped needles
Armour
 d - a +1 cloak (worn)
 p - a +1 helmet (worn)
 q - a +0 ring mail (worn)
 x - a +0 scale mail
Jewellery
 k - an amulet of faith (around neck)
 t - the ring of Elauc {*Tele rElec Str+2}
   (You found it on level 4 of the Dungeon)

   [ring of teleportation]

   It may teleport you next to monsters.
   It affects your strength (+2).
   It insulates you from electricity.
Wands
 h - a wand of polymorph (9)
 C - a wand of iceblast (8)
Scrolls
 i - 2 scrolls of remove curse
 l - 3 scrolls of amnesia
 r - 4 scrolls of teleportation
 s - 2 scrolls of enchant weapon
 D - a scroll of fear {!r}
Potions
 c - a potion of ambrosia {!q}
 j - 5 potions of lignification
 m - 2 potions of haste
 n - 2 potions of agility
 u - a potion of berserk rage {!q}
 v - 2 potions of mutation {!q}
 w - 3 potions of flight
 z - 3 potions of cancellation
 A - a potion of curing
 B - a potion of magic
Books
 y - a book of Frost

   Spells                             Type                      Level
   a - Freeze                         Ice                          1
   b - Throw Frost                    Conjuration/Ice              2
   c - Ozocubu's Armour               Charms/Ice                   3
   d - Throw Icicle                   Conjuration/Ice              4
   e - Summon Ice Beast               Ice/Summoning                4
Comestibles
 g - 14 rations


   Skills:
 + Level 7.1 Fighting
 * Level 11.8 Short Blades
 - Level 2.1 Throwing
 + Level 7.6(7.5) Dodging
 + Level 10.3 Stealth
 + Level 6.2(6.1) Invocations


You had 9 spell levels left.
You didn't know any spells.

Dungeon Overview and Level Annotations

Branches:
Dungeon (9/15)             Temple (0/1) D:7
   Lair: D:8-11         Orc: D:9-12

Altars:
Cheibriados
Elyvilon
Makhleb
Nemelex Xobeh
Okawaru
Sif Muna
Vehumet
Xom
Lugonu

Annotations:
D:6 2 transporters
D:7 1 transporter


Innate Abilities, Weirdness & Mutations

You are small and have problems with some larger weapons.
You are carnivorous and can eat meat at any time.


Message History

The vampire mosquito is lightly damaged.
The vampire mosquito misses you.
You hit the vampire mosquito.
The vampire mosquito is moderately damaged.
The vampire mosquito misses you.
You hit the vampire mosquito but do no damage.
The vampire mosquito is moderately damaged.
The vampire mosquito barely misses you.
You miss the vampire mosquito.
The vampire mosquito is moderately damaged.
The vampire mosquito closely misses you.
The vampire mosquito bites you but does no damage.
You miss the vampire mosquito.
The vampire mosquito is moderately damaged.
The vampire mosquito misses you.
You hit the vampire mosquito but do no damage.
The vampire mosquito is moderately damaged.
The vampire mosquito bites you!
The vampire mosquito draws strength from your injuries!
You take 9 damage, and have 50/63 hp.
You hit the vampire mosquito.
The vampire mosquito is lightly damaged.
The vampire mosquito barely misses you.
You hit the vampire mosquito.
The vampire mosquito is moderately damaged.
The vampire mosquito completely misses you.
You hit the vampire mosquito but do no damage.
The vampire mosquito is moderately damaged.
The vampire mosquito barely misses you.
You hit the vampire mosquito but do no damage.
The vampire mosquito is moderately damaged.
The vampire mosquito bites you!
The vampire mosquito draws strength from your injuries!
You are too injured to fight recklessly!
You take 8 damage, and have 43/63 hp.
You hit the vampire mosquito.
The vampire mosquito is moderately damaged.
The vampire mosquito barely misses you. The vampire mosquito bites you!
The vampire mosquito draws strength from your injuries!
You take 7 damage, and have 36/63 hp.
You are too injured to fight recklessly!
You hit the vampire mosquito.
The vampire mosquito is moderately damaged.
The vampire mosquito bites you but does no damage.
You closely miss the vampire mosquito.
The vampire mosquito is moderately damaged.
The vampire mosquito bites you.
The vampire mosquito draws strength from your injuries!
You take 4 damage, and have 32/63 hp.
You closely miss the vampire mosquito.
The vampire mosquito is lightly damaged.
The vampire mosquito misses you.
You hit the vampire mosquito.
The vampire mosquito is moderately damaged.
The vampire mosquito closely misses you.
Unknown command.
You hit the vampire mosquito.
The vampire mosquito is moderately damaged.
The vampire mosquito completely misses you.
You hit the vampire mosquito.
The vampire mosquito is heavily damaged.
The vampire mosquito bites you.
The vampire mosquito draws strength from your injuries!
The vampire mosquito closely misses you.
You barely miss the vampire mosquito.
The vampire mosquito is heavily damaged.
The vampire mosquito bites you but does no damage.
You hit the vampire mosquito.
The vampire mosquito is heavily damaged.
The vampire mosquito barely misses you.
You miss the vampire mosquito.
The vampire mosquito is heavily damaged.
The vampire mosquito misses you.
You barely miss the vampire mosquito.
The vampire mosquito is heavily damaged.
The vampire mosquito bites you!
* * * LOW HITPOINT WARNING * * *
The vampire mosquito draws strength from your injuries!
You take 8 damage, and have 24/63 hp.
The vampire mosquito bites you.
* * * LOW HITPOINT WARNING * * *
The vampire mosquito draws strength from your injuries!
You take 4 damage, and have 20/63 hp.
The vampire mosquito bites you.
* * * LOW HITPOINT WARNING * * *
The vampire mosquito draws strength from your injuries!
The vampire mosquito completely misses you.
The vampire mosquito bites you but does no damage.
There is an open door here.
You take 3 damage, and have 17/63 hp.
Are you sure you want to abandon this character and quit the game? (Confirm with "yes".)
Okay, then.
The vampire mosquito closely misses you.
The vampire mosquito bites you but does no damage.
The vampire mosquito bites you!
* * * LOW HITPOINT WARNING * * *
The vampire mosquito draws strength from your injuries!
You take 7 damage, and have 10/63 hp.
The vampire mosquito bites you but does no damage.
Are you sure you want to abandon this character and quit the game? (Confirm with "yes".)

#....# #.#
#.# #.## #..#
#######'###
#......y..#
#......y..#
#......@y.# .
#.........#
..#.........#
............#
#.........#
#.........#
#####'#####
#.# #.##


You could see 3 vampire mosquitoes.

Vanquished Creatures
  A centaur zombie (D:8)
  Grinder (D:4)
  A hippogriff (D:8)
  3 yaks
  A spriggan (D:8)
  Eustachio (D:4)
  A hungry ghost (D:8)
  2 orc warriors
  A black bear (D:8)
  2 sky beasts (D:5)
  2 ogres
  3 phantoms
  3 centaurs
  A big kobold (D:8)
  4 bullfrogs
  A gnoll sergeant (D:4)
  5 scorpions
  2 howler monkeys (D:6)
  4 crimson imps
  A bullfrog zombie (D:6)
  2 jellies (D:5)
  3 hounds
  5 orc priests
  A bullfrog skeleton (D:4)
  A centaur skeleton (D:5)
  14 orc wizards
  12 worker ants
  11 adders
  5 gnolls
  5 oozes
  4 adder zombies
  3 adder skeletons
  2 dart slugs
  3 leopard geckos
  33 orcs
  9 bats
  9 giant cockroaches
  19 goblins
  13 hobgoblins
  15 jackals
  11 kobolds
  4 quokkas
  2 frilled lizards (D:2)
  2 leopard gecko zombies
  A quokka skeleton (D:4)
  6 rats
235 creatures vanquished.

Notes
Turn   | Place    | Note
-------+----------+-------------------------------------------
     0 | D:1      | Monsterracer the Kobold Assassin began the quest for the Orb.
     0 | D:1      | Reached XP level 1. HP: 12/12 MP: 1/1
   107 | D:1      | Reached skill level 3 in Short Blades
   117 | D:1      | Reached XP level 2. HP: 18/18 MP: 2/2
   436 | D:1      | Reached XP level 3. HP: 22/22 MP: 3/3
   480 | D:1      | HP: 9/22 [hobgoblin/club (4)]
  1021 | D:2      | HP: 11/22 [hobgoblin/club (5)]
  1221 | D:2      | Reached XP level 4. HP: 15/27 MP: 4/4
  1296 | D:2      | Reached skill level 4 in Short Blades
  1810 | D:2      | Reached XP level 5. HP: 30/32 MP: 5/5
  1949 | D:2      | HP: 11/32 [something (6)]
  1993 | D:2      | HP: 14/32 [adder (1)]
  2763 | D:2      | Reached skill level 5 in Short Blades
  3111 | D:3      | Found a faded altar of an unknown god.
  3114 | D:3      | Became a worshipper of Warmaster Okawaru
  3114 | D:3      | Reached * piety under Okawaru
  3155 | D:3      | Reached XP level 6. HP: 37/37 MP: 6/6
  3207 | D:3      | Found a shimmering altar of Xom.
  3207 | D:3      | Found a snail-covered altar of Cheibriados.
  3208 | D:3      | Found a deep blue altar of Sif Muna.
  3763 | D:4      | Noticed Eustachio
  3763 | D:4      | Noticed a phantom
  3768 | D:4      | Killed Eustachio
  3768 | D:4      | Reached skill level 1 in Invocations
  3778 | D:4      | HP: 18/38 [phantom (9)]
  3783 | D:4      | HP: 15/57 [poisoned by a scorpion]
  3787 | D:4      | Reached skill level 6 in Short Blades
  3787 | D:4      | Reached XP level 7. HP: 21/42 MP: 6/8
  3788 | D:4      | HP: 21/63 [poisoned by a scorpion]
  3796 | D:4      | HP: 26/63 [poisoned by a scorpion]
  3804 | D:4      | HP: 25/63 [poisoned by a scorpion]
  3811 | D:4      | HP: 23/63 [phantom (3)]
  3820 | D:4      | HP: 18/63 [phantom (6)]
  3857 | D:4      | HP: 11/42 [giant cockroach (2)]
  4093 | D:4      | HP: 21/42 [poisoned by a worker ant]
  4098 | D:4      | HP: 18/42 [poisoned by a worker ant]
  4103 | D:4      | HP: 17/42 [poisoned by a worker ant]
  4108 | D:4      | HP: 15/42 [poisoned by a worker ant]
  4111 | D:4      | HP: 7/42 [hound (3)]
  4119 | D:4      | HP: 7/42 [poisoned by a worker ant]
  4127 | D:4      | HP: 6/42 [poisoned by a worker ant]
  4260 | D:4      | HP: 21/42 [worker ant (3)]
  4266 | D:4      | HP: 20/42 [worker ant (1)]
  4575 | D:4      | Noticed Grinder
  4576 | D:4      | Paralysed by Grinder for 7 turns
  4602 | D:4      | HP: 21/42 [Grinder (5)]
  4612 | D:4      | Paralysed by Grinder for 4 turns
  4627 | D:4      | HP: 20/42 [Grinder (1)]
  4637 | D:4      | Paralysed by Grinder for 2 turns
  4673 | D:4      | HP: 10/42 [Grinder/nerve-wracking pain (13)]
  4675 | D:4      | Killed Grinder
  4675 | D:4      | Reached ** piety under Okawaru
  4675 | D:4      | Reached skill level 7 in Short Blades
  4938 | D:4      | Reached XP level 8. HP: 42/48 MP: 9/9
  5490 | D:4      | Got a smoking ivory ring
  5532 | D:4      | Reached *** piety under Okawaru
  5532 | D:4      | Reached skill level 8 in Short Blades
  5820 | D:5      | Entered Level 5 of the Dungeon
  5840 | D:5      | Reached skill level 5 in Dodging
  5863 | D:5      | HP: 19/48 [gnoll/flail (9)]
  5876 | D:5      | HP: 13/48 [gnoll/flail (8)]
  5887 | D:4      | HP: 11/48 [gnoll (4)]
  5894 | D:4      | HP: 11/48 [gnoll (1)]
  6152 | D:5      | Reached skill level 5 in Fighting
  6167 | D:5      | Identified the ring of Elauc {*Tele rElec Str+2} (You found it on level 4 of the Dungeon)
  6193 | D:5      | Reached XP level 9. HP: 54/54 MP: 11/11
  6504 | D:5      | Reached skill level 9 in Short Blades
  6541 | D:5      | HP: 23/54 [gnoll sergeant/enchanted spear (9)]
  7100 | D:6      | Found a transporter.
  7100 | D:6      | Noticed a two-headed ogre
  7104 | D:6      | Found a sparkling altar of Nemelex Xobeh.
  7104 | D:6      | Found a transporter.
  7105 | D:6      | Found a radiant altar of Vehumet.
  7676 | D:5      | Reached **** piety under Okawaru
  7689 | D:5      | Received a gift from Okawaru
  7689 | D:5      | Reached skill level 10 in Short Blades
  7794 | D:6      | HP: 24/55 [yak (5)]
  7797 | D:6      | Reached skill level 5 in Invocations
  8423 | D:6      | Reached XP level 10. HP: 43/60 MP: 13/13
  8768 | D:7      | Found a staircase to the Ecumenical Temple.
  8778 | D:7      | Found a transporter.
  8782 | D:7      | Found a corrupted altar of Lugonu.
  8788 | D:7      | Noticed a cyan ugly thing
  8789 | D:7      | Noticed a white ugly thing
  8801 | D:7      | Noticed a purple ugly thing
  8801 | D:7      | HP: 20/61 [small abomination (14)]
  8802 | D:7      | Found a transporter.
  8809 | D:7      | HP: 4/61 [small abomination (14)]
  8821 | D:7      | Found a white marble altar of Elyvilon.
  8837 | D:7      | HP: 12/61 [bullfrog (3)]
  8928 | D:7      | HP: 30/61 [adder (1)]
  9418 | D:7      | Reached skill level 11 in Short Blades
  9739 | D:8      | Reached skill level 10 in Stealth
  9886 | D:8      | Reached ***** piety under Okawaru
  9966 | D:8      | Found a burning altar of Makhleb.
 10246 | D:8      | HP: 27/63 [orc warrior/long sword (13)]
 10259 | D:8      | HP: 21/63 [orc warrior/long sword (9)]
 10265 | D:8      | HP: 14/63 [orc warrior/long sword (6)]
 10788 | D:9      | HP: 24/63 [vampire mosquito (8)]
 10793 | D:9      | HP: 10/63 [vampire mosquito (7)]
 10795 | D:9      | Quit the game

Skill      XL: |  1  2  3  4  5  6  7  8  9 10 |
---------------+-------------------------------+-----
Short Blades   | 3 4 5 6 7 8 10 11 | 11.8
Dodging        | 2 3 4 5 6 7 |  7.6
Fighting       | 3 4 5 6 7 |  7.1
Stealth        | 6 7 8 9 10 | 10.3
Invocations    | 1 2 3 5 6 |  6.2
Throwing       | |  2.1

Action                   |  1- 3 |  4- 6 |  7- 9 | 10-12 || total
-------------------------+-------+-------+-------+-------++-------
Melee: Dagger            |    90 |   191 |       |       ||   281
       Rapier            |       |    57 |   582 |   360 ||   999
       Punch             |       |       |     1 |       ||     1
Invok: Heroism           |       |       |     2 |       ||     2
  Use: Potion            |       |     2 |       |       ||     2
       Scroll            |       |     5 |    10 |     8 ||    23
 Stab: Sleeping          |    10 |     8 |    18 |     5 ||    41
       Distracted        |       |       |       |     2 ||     2
  Eat: Chunk             |     8 |     9 |    28 |    16 ||    61
Armor: Robe              |    13 |    14 |       |       ||    27
       Leather armour    |       |    20 |    10 |       ||    30
       Skin              |       |     6 |    16 |       ||    22
       Ring mail         |       |       |   104 |    78 ||   182
Dodge: Dodged            |    58 |   156 |   332 |   244 ||   790

Vault maps used:
D:1:      minmay_arrival_four_houses
D:2:      first_ration, hangedman_feature_mirror, minmay_pentomino_s2
D:3:      grunt_temple_overflow_open, chequers_ecumenical_altar_simple_redux
D:4:      hangedman_minor_gate_pass, uniq_eustachio, uniq_grinder
D:6:      gammafunk_temple_overflow_arena
D:7:      gammafunk_corrupted_shrine, elyvilon_altar_5,
          minmay_temple_entry_purple_smoke
D:8:      grunt_pizzeria, minmay_statues_item, bloody_makhleb
D:9:      grunt_lair_entry_orc_guard_hut, serial_shops, shop, fedhas_altar_4
